 Dungeon Crawl Stone Soup version 0.31.0-9-g3a7656b989 (webtiles) character file.

Game seed: 5920040066977270061

65 qw the Shooter (level 3, 0/18 HPs)
             Began as a Spriggan Hunter on Feb 2, 2024.
             Slain by Robin
             ... wielding a +0 spear
              (1 damage)
             ... on level 2 of the Dungeon.
             The game lasted 00:00:05 (1623 turns).

qw the Shooter (Spriggan Hunter)                    Turns: 1623, Time: 00:00:06

Health: 0/18       AC:  2    Str:  7    XL:     3   Next: 94%
Magic:  4/4        EV: 24    Int: 10    God:
Gold:   89         SH:  0    Dex: 20    Spells: 2/2 levels left

rFire   . . .        a - +0 shortbow
rCold   . . .        (shield currently unavailable)
rNeg    . . .        c - +0 robe
rPois   .            (helmet restricted)
rElec   .            (no cloak)
rCorr   .            (gloves unavailable)
SInv    +            (boots unavailable)
Will    .....        (no amulet)
Stlth   ++           g - +5 ring of evasion
HPRegen 0.23/turn    (no ring)
MPRegen 0.09/turn

%: no passive effects
@: very quick
A: very small, no large weapons, unfitting armour, see invisible, speed 3
a: no special abilities


You were on level 2 of the Dungeon.
You visited 1 branch of the dungeon, and saw 2 of its levels.

You collected 89 gold pieces.


Innate Abilities, Weirdness & Mutations

You are very small and have problems with some larger weapons.
You are too small for most types of armour.
You have supernaturally acute eyesight. (SInv)
You cover ground extremely quickly. (Speed+++)


   Skills:
 - Level 1.5 Fighting
 - Level 5.0 Ranged Weapons
 + Level 4.2 Dodging
 - Level 1.5 Stealth


You had 2 spell levels left.
You didn't know any spells.
Your spell library was empty.

Inventory:

Hand Weapons
 a - a +0 shortbow (weapon)
Armour
 c - a +0 robe (worn)
Jewellery
 g - a +5 ring of evasion (left hand)
Scrolls
 j - 3 scrolls of identify {unknown}
Potions
 b - a potion of degeneration {unknown}
 d - 2 potions of enlightenment {unknown}
 e - 2 potions of mutation {unknown}
 f - a potion of haste {unknown}
 h - a potion of invisibility {unknown}
 i - a potion of heal wounds {unknown}

Dungeon Overview and Level Annotations

Branches:
Dungeon (2/15)

Altars:

Annotations:
D:2 Robin


Message History

You hear a shout!
The goblin hits you with a +0 club.
You hear a shout!
You shoot an arrow. The arrow barely misses the goblin.
Robin roars a battlecry!
The goblins go into a battle-frenzy!
The goblin hits you with a +0 club.
You shoot an arrow. The arrow completely misses the goblin.
The goblin completely misses you.
You shoot an arrow. The arrow hits the goblin.
You kill the goblin!
Robin throws the goblin at you! The goblin closely misses you.
You shoot an arrow. The arrow hits the goblin!
You kill the goblin!
You shoot an arrow. The arrow hits Robin!
Robin is severely wounded.
Robin throws the goblin at you! The goblin barely misses you.
You shoot an arrow. The arrow barely misses the goblin.
Robin completely misses you. The goblin misses you.
You shoot an arrow. The arrow hits the goblin.
The goblin is moderately wounded.
Robin hits you from afar with a +0 spear.
The goblin hits you with a +0 club. The goblin misses you.
The goblin hits you with a +0 club. Robin throws the goblin at you!
You shoot an arrow. The arrow barely misses the goblin.
Robin roars a battlecry!
The goblins go into a battle-frenzy!
The goblin hits you with a +0 club. The goblin completely misses you.
You shoot an arrow. The arrow hits the goblin.
You kill the goblin!
Robin closely misses you. The goblin completely misses you.
You shoot an arrow. The arrow barely misses the goblin.
The goblin completely misses you.
Robin hits you from afar with a +0 spear.
The goblin hits you with a +0 dagger.
You shoot an arrow. The arrow hits the goblin.
You kill the goblin!
Robin hits you from afar with a +0 spear.
You die...
Robin says, "And that's why I'm the boss."

#......>.### #...#.####
#...#.##..#.##..#.##..#
#...##.#..##.#..##.#..#
#.##....##....##....##.
#.#.)##.#..##.#..##.#..
#..#.##..#.##..#.##..#.
#. #.g..##....##....##.
#. #g##..#.##..#.##..#
#..##@#..##.#..##.#..#
##..$)##....##. ..##.
#..##.#..##. ..##.#..
#.#.##..#.##..# # ..#.
###....##....## ##.
#..#.##..#.##.. #..#
#..##.#..##.#..##.#..#
##....##....##....##.
#..##.#..##.#..# .#..


You could see Robin and a goblin (strong).

Vanquished Creatures
  2 dart slugs (D:1)
  5 endoplasms
  2 giant cockroaches (D:1)
  17 goblins
  9 hobgoblins
  2 quokkas
  5 ball pythons
  3 bats (D:1)
  A frilled lizard (D:1)
  4 kobolds
  6 rats
56 creatures vanquished.

Notes
Turn   | Place    | Note
-------+----------+-------------------------------------------
     0 | D:1      | qw the Spriggan Hunter began the quest for the Orb.
     0 | D:1      | Reached XP level 1. HP: 10/10 MP: 2/2
     0 | D:1      | 0 ||| qw: Version: 0.3-a-155-g5e7d8dd
     0 | D:1      | 0 ||| qw: Game counter: 932
     0 | D:1      | 0 ||| qw: Melee chars always use a shield: true
     0 | D:1      | 0 ||| qw: God list: Okawaru
     0 | D:1      | 0 ||| qw: Allow faded altars: false
     0 | D:1      | 0 ||| qw: Do Orc after clearing Dungeon:15 true
     0 | D:1      | 0 ||| qw: Do second Lair branch before Depths: true
     0 | D:1      | 0 ||| qw: Lair rune preference: random
     0 | D:1      | 0 ||| qw: Goals: Normal
     0 | D:1      | 0 ||| PLANNING D:1-11
    13 | D:1      | Reached skill level 3 in Dodging
    51 | D:1      | Reached XP level 2. HP: 14/14 MP: 3/3
   455 | D:1      | Reached XP level 3. HP: 18/18 MP: 4/4
   823 | D:1      | 823 ||| UPGRADING to +5 ring of evasion.
   824 | D:1      | 824 ||| READING 2 scrolls labelled ASSAOS SARHUD.
   829 | D:1      | 829 ||| READING scroll labelled YMAAME JIRCHISE.
   930 | D:1      | 930 ||| DROPPING scroll of butterflies.
  1050 | D:2      | HP: 4/18 [goblin/+0 club[Robin] (3)]
  1051 | D:2      | 1051 ||| READING scroll of teleportation.
  1053 | D:2      | Noticed Robin
  1054 | D:2      | HP: 1/18 [goblin/+0 dagger[Robin] (2)]
  1056 | D:2      | 1056 ||| FLEEEEING.
  1057 | D:2      | 1057 ||| FLEEEEING.
  1058 | D:2      | 1058 ||| FLEEEEING.
  1063 | D:2      | 1063 ||| FLEEEEING.
  1064 | D:2      | 1064 ||| FLEEEEING.
  1065 | D:2      | 1065 ||| STAIRDANCE
  1475 | D:2      | Identified the +8 whip of the Chickpea {freeze, Will++}
  1612 | D:2      | Reached skill level 5 in Ranged Weapons
  1622 | D:2      | HP: 1/18 [goblin/+0 dagger[Robin] (4)]
  1623 | D:2      | Slain by Robin

Levels and vault maps discovered:
D:1:      reono_arrival_forest_river, layout_basic, minmay_gold_behind_fungi,
          minmay_misc_feat_tower
D:2:      layout_loops_ring, nicolae_eternal_life, uniq_robin

Skill      XL: |  1  2  3 |
---------------+----------+-----
Dodging        | 3 4 |  4.2
Ranged Weapons | 5 |  5.0
Fighting       | |  1.5
Stealth        | |  1.5

Action                     || total
---------------------------++-------
   Fire: Shortbow          ||   133
    Use: Scroll            ||     3
 Armour: Robe              ||    26
  Dodge: Dodged            ||    54

Table legend:
 A = Non-vault XP
 B = Vault XP
 C = Vault XP percentage of total XP
 D = Non-vault monster count
 E = Vault monster count
 F = Vault count percentage of total count
                 A         B        C        D         E       F
            +---------+---------+-------+---------+---------+-------
      Total |      77 |      18 |  18.9 |      45 |      11 |  19.6
            +---------+---------+-------+---------+---------+-------
        D:1 |      49 |       0 |   0.0 |      27 |       0 |   0.0
        D:2 |      28 |      18 |  39.1 |      18 |      11 |  37.9
            +---------+---------+-------+---------+---------+-------
